[Event "December 12 Late 2023"]
[Site "https://www.chess.com"]
[Date "2023.12.12"]
[Round "10"]
[White "Brodsky, David"]
[Black "yaguigor"]
[Result "1/2-1/2"]
[Board "36"]
[TimeControl "180+1"]
[WhiteFideId "2073250"]
[WhiteElo "2783"]
[BlackElo "2507"]
[WhiteTeam "USA"]
[WhiteClock "0:00:09"]
[BlackClock "0:00:29"]

1. e4 c5 2. Nf3 Nc6 3. d4 cxd4 4. Nxd4 Nf6 5. Nc3 e5 6. Ndb5 d6 7. Bg5 a6 8. Na3 b5 9. Nab1 Be7 10. Bxf6 Bxf6 11. a4 b4 12. Nd5 Bg5 13. Bc4 O-O 14. O-O Be6 15. Qd3 a5 16. c3 bxc3 17. Nbxc3 Nd4 18. f4 Bh6 19. f5 Bd7 20. Ne2 Nxe2+ 21. Qxe2 Rb8 22. b3 Bc6 23. f6 Bxd5 24. fxg7 Kxg7 25. Bxd5 Qb6+ 26. Kh1 Qe3 27. Qh5 f6 28. Rf3 Qd2 29. Rg3+ Kh8 30. Rd1 Qc2 31. h3 Bf4 32. Rgd3 Rbc8 33. Be6 Rc7 34. Rxd6 Rg7 35. Bg4 Qf2 36. Rd8 Rfg8 37. Rxg8+ Rxg8 38. Qf5 Rf8 39. Bf3 Qg3 40. Kg1 Be3+ 41. Kh1 Bf4 42. Kg1 Be3+ 43. Kh1 Bf4 1/2-1/2

[Event "December 12 Late 2023"]
[Site "https://www.chess.com"]
[Date "2023.12.12"]
[Round "10"]
[White "Ghasi, Ameet K"]
[Black "Keleberda, Tymur"]
[Result "1-0"]
[Board "37"]
[TimeControl "180+1"]
[WhiteFideId "409200"]
[BlackFideId "14174294"]
[WhiteElo "2779"]
[BlackElo "2557"]
[WhiteTeam "ENG"]
[BlackTeam "CAN"]
[WhiteClock "0:00:53"]
[BlackClock "0:00:07"]

1. g3 Nf6 2. Bg2 d5 3. d3 g6 4. Nf3 Bg7 5. O-O b6 6. Nbd2 Bb7 7. e4 dxe4 8. dxe4 O-O 9. e5 Ne8 10. e6 f5 11. c3 Na6 12. a4 Nc5 13. a5 Nxe6 14. axb6 axb6 15. Rxa8 Qxa8 16. Re1 Ng5 17. Qb3+ Bd5 18. Nxg5 Bxb3 19. Bxa8 Ba2 20. c4 Nf6 21. Bc6 Bh6 22. h4 Rd8 23. Rxe7 Bxg5 24. hxg5 Ne4 25. Bxe4 fxe4 26. Rxe4 Rd3 27. Re3 Rd4 28. b3 Bb1 29. Nxb1 Rd1+ 30. Kg2 Rxc1 31. Nc3 c6 32. Ne4 Kg7 33. Nf6 h6 34. Ne8+ Kh7 35. Re7+ Kg8 36. gxh6 Ra1 37. Rg7+ 1-0

[Event "December 12 Late 2023"]
[Site "https://www.chess.com"]
[Date "2023.12.12"]
[Round "10"]
[White "Aldokhin, Ivan"]
[Black "Osmak, Yuliia"]
[Result "1-0"]
[Board "38"]
[TimeControl "180+1"]
[WhiteFideId "24115720"]
[BlackFideId "14101602"]
[WhiteElo "2686"]
[BlackElo "2548"]
[WhiteTeam "RUS"]
[BlackTeam "UKR"]
[WhiteClock "0:01:39"]
[BlackClock "0:00:42"]

1. e4 e6 2. d4 d5 3. Nc3 Bb4 4. Ne2 dxe4 5. a3 Be7 6. Nxe4 Nf6 7. Nxf6+ Bxf6 8. g3 Qd5 9. Rg1 Qh5 10. g4 Qxh2 11. Bf4 Qh4 12. Ng3 Bd8 13. Qf3 Qe7 14. O-O-O c6 15. Nh5 Rg8 16. Bd3 g6 17. Ng3 Nd7 18. Ne4 Nf6 19. Bg5 Nxe4 20. Bxe7 Ng5 21. Bxg5 Bxg5+ 22. Kb1 1-0

[Event "December 12 Late 2023"]
[Site "https://www.chess.com"]
[Date "2023.12.12"]
[Round "10"]
[White "Roberson, Peter T"]
[Black "Wu, Derek"]
[Result "1-0"]
[Board "39"]
[TimeControl "180+1"]
[WhiteFideId "412384"]
[BlackFideId "30914558"]
[WhiteElo "2562"]
[BlackElo "2684"]
[WhiteTeam "ENG"]
[BlackTeam "USA"]
[WhiteClock "0:00:08"]
[BlackClock "0:00:10"]

1. Nc3 e5 2. Nf3 Nc6 3. d4 exd4 4. Nxd4 Bb4 5. Nxc6 dxc6 6. Qxd8+ Kxd8 7. Bd2 Nf6 8. O-O-O Ke7 9. f3 Be6 10. e4 a5 11. a3 Bc5 12. Na4 Bd6 13. Be3 b6 14. Be2 h6 15. Rd2 g5 16. g3 Nd7 17. Rhd1 c5 18. f4 f6 19. Nc3 Rad8 20. Nd5+ Kf7 21. Bc4 Rhe8 22. h4 g4 23. Nxc7 Bxc4 24. Nxe8 Rxe8 25. Rxd6 Nf8 26. Rxb6 Rxe4 27. Bxc5 Ne6 28. Bd6 a4 29. f5 Nd4 30. Rb7+ Ke8 31. Bc5 Nxf5 32. b3 Be6 33. bxa4 Rxa4 34. Re1 Ra6 35. Bb6 Kf8 36. Rxe6 Ng7 37. Rxf6+ Kg8 38. Rg6 Kh8 39. Rgxg7 Rxb6 40. Rxb6 Kxg7 41. a4 h5 42. a5 Kf7 43. a6 Ke7 44. a7 Kd7 45. a8=Q Kc7 46. Qa7+ Kc8 47. Rb8# 1-0

[Event "December 12 Late 2023"]
[Site "https://www.chess.com"]
[Date "2023.12.12"]
[Round "10"]
[White "Karttunen, Mika"]
[Black "Ferreira, Vitor Hugo Vieira"]
[Result "1-0"]
[Board "40"]
[TimeControl "180+1"]
[WhiteFideId "502081"]
[BlackFideId "2119765"]
[WhiteElo "2639"]
[BlackElo "2541"]
[WhiteTeam "FIN"]
[BlackTeam "BRA"]
[WhiteClock "0:00:17"]
[BlackClock "0:00:00"]

1. e4 c5 2. Nf3 d6 3. d4 cxd4 4. Nxd4 Nf6 5. Nc3 a6 6. f3 e5 7. Nb3 Be6 8. Be3 h5 9. Nd5 Bxd5 10. exd5 g6 11. c4 b6 12. Be2 Qc7 13. Qd2 Bg7 14. O-O O-O 15. Rac1 Nbd7 16. h3 Nc5 17. Na1 a5 18. Nc2 Rae8 19. Na3 e4 20. Nb5 Qd7 21. f4 Nh7 22. f5 Re5 23. g4 hxg4 24. fxg6 Nf6 25. Bd4 e3 26. Qe1 gxh3 27. Bxe5 dxe5 28. gxf7+ Rxf7 29. Qh4 Nce4 30. Rf3 Nd2 31. Rg3 Nfe4 32. Rxh3 Bf6 33. Qh5 Rg7+ 34. Kh2 Rg5 35. Rg1 Rxg1 36. Kxg1 Qg7+ 37. Kh2 Ng5 38. Qe8+ Qf8 39. Qxf8+ Kxf8 40. Rxe3 e4 41. Kg2 Bxb2 42. Rg3 Bf6 43. Nd6 Ke7 44. Nf5+ Kd7 45. Bg4 Kc7 46. Ra3 Nxc4 47. Ra4 b5 48. Rxc4+ bxc4 49. Kf2 c3 50. Ke2 Nf7 51. Ng3 Ne5 52. Bf5 Nc4 53. Bxe4 1-0

[Event "December 12 Late 2023"]
[Site "https://www.chess.com"]
[Date "2023.12.12"]
[Round "10"]
[White "Korchynskyi, Mykola"]
[Black "Rojas Alarcon, Julian Antonio"]
[Result "0-1"]
[Board "41"]
[TimeControl "180+1"]
[WhiteFideId "34138005"]
[BlackFideId "5107407"]
[WhiteElo "2545"]
[BlackElo "2622"]
[WhiteTeam "UKR"]
[BlackTeam "MEX"]
[WhiteClock "0:01:40"]
[BlackClock "0:02:46"]

1. d4 Nf6 2. c4 e6 3. Nc3 Bb4 4. Qc2 Nc6 5. Nf3 d6 6. Bg5 h6 7. Bh4 O-O 8. e3 e5 9. Rd1 Bg4 10. Be2 Bxf3 11. Bxf3 exd4 12. exd4 Re8+ 13. Kf1 Qe7 14. Nd5 Qe1+ 15. Rxe1 Rxe1# 0-1

[Event "December 12 Late 2023"]
[Site "https://www.chess.com"]
[Date "2023.12.12"]
[Round "10"]
[White "Vlassov, Nikolai"]
[Black "Rama, Tejas"]
[Result "1-0"]
[Board "42"]
[TimeControl "180+1"]
[WhiteFideId "4103360"]
[BlackFideId "30907381"]
[WhiteElo "2616"]
[BlackElo "2535"]
[WhiteTeam "FID"]
[BlackTeam "USA"]
[WhiteClock "0:01:19"]
[BlackClock "0:00:01"]

1. e4 e5 2. Bc4 Nf6 3. d3 Nc6 4. Nf3 Bc5 5. Bg5 h6 6. Bh4 Be7 7. Nc3 d6 8. h3 Na5 9. Bb5+ c6 10. Ba4 b5 11. Bb3 O-O 12. O-O Qc7 13. Re1 Re8 14. d4 Nxb3 15. axb3 exd4 16. Nxd4 b4 17. Nb1 Nd7 18. Bg3 Nc5 19. Nd2 Bf6 20. Nc4 Nxe4 21. Nxd6 Nxd6 22. Rxe8+ Kh7 23. Nf5 Bxf5 24. Rxa8 Qb7 25. R1xa7 Qe7 1-0

[Event "December 12 Late 2023"]
[Site "https://www.chess.com"]
[Date "2023.12.12"]
[Round "10"]
[White "Golubev, Mikhail"]
[Black "Kopczynski, Michal"]
[Result "0-1"]
[Board "43"]
[TimeControl "180+1"]
[WhiteFideId "14100983"]
[BlackFideId "1124200"]
[WhiteElo "2615"]
[BlackElo "2525"]
[WhiteTeam "UKR"]
[BlackTeam "POL"]
[WhiteClock "0:00:00"]
[BlackClock "0:00:02"]

1. e4 b6 2. d4 Bb7 3. Bd3 e6 4. Nf3 Nf6 5. Qe2 d5 6. e5 Nfd7 7. Bg5 Be7 8. Bxe7 Qxe7 9. O-O c5 10. c3 Nc6 11. Nbd2 O-O 12. Qe3 a5 13. Bb5 Ndb8 14. a4 cxd4 15. Nxd4 Nxd4 16. Qxd4 Qc5 17. Nf3 Ba6 18. Bxa6 Rxa6 19. Qd3 Ra7 20. Nd4 Nc6 21. Nb5 Rd7 22. Rfe1 d4 23. cxd4 Nxd4 24. Rac1 Qb4 25. Red1 Nxb5 26. Qxd7 Qxa4 27. Rc8 Qxd1+ 28. Qxd1 Rxc8 29. h4 h6 30. Qd7 Rc5 31. f4 Rd5 32. Qe8+ Kh7 33. Qxf7 Nd4 34. h5 a4 35. g4 b5 36. g5 hxg5 37. fxg5 Rxe5 38. Qg6+ Kg8 39. h6 Nf5 40. Qe8+ Kh7 41. Qf7 Nxh6 42. gxh6 Rg5+ 43. Kh2 Kxh6 44. Qxe6+ g6 45. Qe3 Kh5 46. Qf3+ Rg4 0-1

[Event "December 12 Late 2023"]
[Site "https://www.chess.com"]
[Date "2023.12.12"]
[Round "10"]
[White "Mirzoev, Azer"]
[Black "Shapiro, Viktor"]
[Result "1-0"]
[Board "44"]
[TimeControl "180+1"]
[WhiteFideId "13400304"]
[BlackFideId "4175700"]
[WhiteElo "2614"]
[BlackElo "2524"]
[WhiteTeam "AZE"]
[BlackTeam "RUS"]
[WhiteClock "0:00:11"]
[BlackClock "0:00:00"]

1. c4 Nf6 2. Nc3 c5 3. g3 Nc6 4. Bg2 g6 5. d3 Bg7 6. a3 a6 7. Rb1 Rb8 8. Bf4 d6 9. b4 cxb4 10. axb4 O-O 11. b5 axb5 12. Nxb5 Bd7 13. Qd2 h5 14. Bh6 Bxh6 15. Qxh6 Qa5+ 16. Qd2 Qxd2+ 17. Kxd2 Ne5 18. Nf3 Bc6 19. Nbd4 Nxf3+ 20. Bxf3 Bxf3 21. Nxf3 e5 22. Rb6 Rfd8 23. Rhb1 e4 24. Nd4 Ra8 25. Rxb7 exd3 26. exd3 d5 27. c5 Rdc8 28. c6 Ng4 29. f3 Ne5 30. c7 Kf8 31. R1b5 Ke7 32. Rxd5 f6 33. f4 Ra2+ 34. Kd1 Nf7 35. Nb5 Ra1+ 36. Kc2 Ra5 37. Kb3 Ke6 38. Rc5 Ra6 39. d4 Nd6 40. Nxd6 Kxd6 41. h4 Rc6 42. Kb4 Rxc5 43. dxc5+ Kc6 44. Rb6+ Kxc7 45. Rxf6 Rb8+ 46. Kc4 Rg8 47. Kd5 Kd7 48. c6+ Kc7 49. Kc5 Rg7 50. Rf8 Re7 51. Rf6 Rg7 52. Kd5 Kb6 53. Kd6 Rc7 54. Kd5 Rg7 55. Ke5 Kc5 56. Re6 Rc7 57. Kf6 1-0

[Event "December 12 Late 2023"]
[Site "https://www.chess.com"]
[Date "2023.12.12"]
[Round "10"]
[White "Reprintsev, Alexander"]
[Black "Saravana, Krishnan P."]
[Result "1-0"]
[Board "45"]
[TimeControl "180+1"]
[WhiteFideId "14100541"]
[BlackFideId "5018382"]
[WhiteElo "2518"]
[BlackElo "2612"]
[WhiteTeam "UKR"]
[BlackTeam "IND"]
[WhiteClock "0:01:41"]
[BlackClock "0:00:35"]

1. e4 c6 2. Nf3 d5 3. e5 c5 4. Be2 Nc6 5. O-O Bg4 6. c4 d4 7. Nxd4 Bxe2 8. Nxe2 Nxe5 9. d4 cxd4 10. Nxd4 Nf6 11. Nc3 Qd7 12. Bf4 Nxc4 13. Ndb5 e5 14. Qe2 Qc6 15. Bxe5 Nxe5 16. Qxe5+ Kd7 17. Rfd1+ Kc8 18. Rac1 Bc5 19. Nd6+ Kc7 20. Nde4+ Kb6 21. Nxc5 Rhe8 22. N5a4+ Ka6 23. Qc5 1-0

[Event "December 12 Late 2023"]
[Site "https://www.chess.com"]
[Date "2023.12.12"]
[Round "10"]
[White "Rogov, Matfey"]
[Black "Perea Fruet, Lorenzo"]
[Result "0-1"]
[Board "46"]
[TimeControl "180+1"]
[WhiteFideId "44191308"]
[BlackFideId "24595870"]
[WhiteElo "2512"]
[BlackElo "2580"]
[WhiteTeam "RUS"]
[BlackTeam "ESP"]
[WhiteClock "0:00:01"]
[BlackClock "0:00:03"]

1. e4 b6 2. Nc3 Bb7 3. d4 e6 4. Bd3 Bb4 5. Ne2 Nf6 6. O-O c5 7. e5 Ng8 8. Ne4 c4 9. c3 cxd3 10. N2g3 Be7 11. Qg4 g6 12. Bg5 Bxe4 13. Nxe4 f5 14. exf6 Nxf6 15. Bxf6 Bxf6 16. Qf3 Be7 17. d5 exd5 18. Ng3 Nc6 19. Qxd5 Qc7 20. a4 Qe5 21. Qxd3 O-O 22. Qxd7 Qd6 23. Rad1 Qxd7 24. Rxd7 a5 25. Ne4 Rad8 26. Rc7 Rc8 27. Rb7 Rf4 28. f3 Rcf8 29. Rd1 g5 30. h3 h5 31. Rxb6 Rxe4 32. fxe4 Bc5+ 33. Kh1 Bxb6 34. Rd7 Ba7 35. g4 hxg4 36. hxg4 Bb8 37. Rd5 Ne5 38. Rxa5 Kg7 39. Rb5 Kg6 40. Kg2 Nxg4 41. a5 Rf2+ 42. Kh3 Ne3 43. Rb6+ Kh5 44. Rxb8 Rf3+ 45. Kh2 Kg4 46. Rb4 Rf2+ 47. Kg1 Kg3 48. e5 Rf1# 0-1

[Event "December 12 Late 2023"]
[Site "https://www.chess.com"]
[Date "2023.12.12"]
[Round "10"]
[White "Filgueira, Hernan"]
[Black "Tikhonov, Viacheslav"]
[Result "0-1"]
[Board "47"]
[TimeControl "180+1"]
[WhiteFideId "101770"]
[BlackFideId "44196407"]
[WhiteElo "2579"]
[BlackElo "2523"]
[WhiteTeam "ARG"]
[BlackTeam "RUS"]
[WhiteClock "0:01:06"]
[BlackClock "0:00:13"]

1. d4 Nf6 2. c4 g6 3. Nc3 d5 4. Nf3 Bg7 5. Bg5 Ne4 6. Bh4 Nxc3 7. bxc3 c6 8. e3 O-O 9. cxd5 cxd5 10. c4 Nc6 11. Qd2 Bg4 12. Rb1 b6 13. Be2 dxc4 14. Bxc4 Bxf3 15. gxf3 Na5 16. Be2 Qd7 17. Bg3 Rac8 18. O-O Nc4 19. Qb4 Qd5 20. Rfc1 Nd6 21. Bxd6 exd6 22. Qb3 Qg5+ 23. Kh1 Rxc1+ 24. Rxc1 Bxd4 25. f4 Qe7 26. f5 Qe4+ 27. Kg1 Be5 28. f4 Bxf4 29. fxg6 Bxe3+ 0-1

[Event "December 12 Late 2023"]
[Site "https://www.chess.com"]
[Date "2023.12.12"]
[Round "10"]
[White "Cervantes Landeiro, Thalia"]
[Black "Przybylski, Wojciech"]
[Result "0-1"]
[Board "48"]
[TimeControl "180+1"]
[WhiteFideId "3520498"]
[BlackFideId "1117599"]
[WhiteElo "2503"]
[BlackElo "2575"]
[WhiteTeam "USA"]
[BlackTeam "POL"]
[WhiteClock "0:00:01"]
[BlackClock "0:00:03"]

1. d4 Nf6 2. c4 e6 3. Nf3 d5 4. Nc3 c6 5. e3 Nbd7 6. Qc2 Bd6 7. Bd3 O-O 8. O-O dxc4 9. Bxc4 b5 10. Be2 Bb7 11. a3 Re8 12. e4 e5 13. Bg5 h6 14. Bh4 a6 15. Rad1 Qc7 16. dxe5 Nxe5 17. Bxf6 gxf6 18. Nd4 Ng6 19. g3 Bf8 20. Nf5 Rad8 21. Bf3 a5 22. Nxb5 Qe5 23. Nc3 Ba6 24. Rfe1 Kh7 25. Qb3 Qe6 26. Qxe6 fxe6 27. Nd4 Bb7 28. Bg2 Rd6 29. Nb3 Ne5 30. Nxa5 Ba8 31. f4 Rxd1 32. Rxd1 Bc5+ 33. Kf1 Ng4 34. Rd7+ Kg6 35. Bh3 h5 36. b4 Bf8 37. Ke2 Rb8 38. Bg2 Nxh2 39. e5 fxe5 40. fxe5 Bg7 41. Nxc6 Bxc6 42. Bxc6 Bxe5 43. Be4+ Kf6 44. Na4 Bxg3 45. Nc5 h4 46. Rh7 Rg8 47. Rh6+ Ke5 48. Rxe6+ Kd4 49. Bf5 Be5 50. Nb3+ Kd5 51. Nc5 Rg2+ 52. Kd3 Rg3+ 53. Kc2 Nf3 54. Be4+ Kd4 55. Bxf3 Rxf3 56. Rh6 h3 57. Rh4+ Kd5 58. a4 h2 59. Nd3 Rf1 60. Nxe5 h1=Q 61. Rxh1 Rxh1 62. Nd3 Kc4 63. Nb2+ Kxb4 64. Nd3+ Kxa4 65. Nc5+ Kb5 66. Ne6 Kc4 67. Kd2 Rf1 68. Ng5 Kd4 69. Ne6+ Ke4 70. Nc5+ Kd4 71. Nb3+ Kd5 72. Kc3 Rf3+ 73. Kc2 Rg3 74. Nd2 Kd4 75. Nb3+ Kc4 76. Nd2+ Kb4 77. Ne4 Re3 78. Ng5 Kc4 79. Kd2 Kd4 80. Nf7 Rf3 81. Ng5 Rf2+ 82. Ke1 Rf5 83. Nh3 Ke3 84. Kd1 Rh5 85. Ng1 Rh1 86. Kc2 Rxg1 0-1

[Event "December 12 Late 2023"]
[Site "https://www.chess.com"]
[Date "2023.12.12"]
[Round "10"]
[White "Espinoza Villanueva, Rodrigo"]
[Black "Mazurkiewicz, Michal"]
[Result "1-0"]
[Board "49"]
[TimeControl "180+1"]
[WhiteFideId "5140188"]
[BlackFideId "1124943"]
[WhiteElo "2572"]
[BlackElo "2476"]
[WhiteTeam "MEX"]
[BlackTeam "POL"]
[WhiteClock "0:00:09"]
[BlackClock "0:00:08"]

1. e4 d6 2. d4 Nf6 3. Nc3 c6 4. Be3 b5 5. f3 e5 6. Nge2 Be7 7. Qd2 O-O 8. a3 a5 9. g4 Nbd7 10. Ng3 Bb7 11. g5 Ne8 12. h4 b4 13. Nce2 d5 14. Bg2 Nd6 15. b3 dxe4 16. Nxe4 Nf5 17. Bf2 exd4 18. Nxd4 Nxd4 19. Bxd4 c5 20. Bb2 c4 21. bxc4 Nc5 22. axb4 axb4 23. O-O-O Bxe4 24. Qxd8 Rfxd8 25. fxe4 Ne6 26. Bh3 Nf4 27. Bg4 Ng2 28. Rxd8+ Rxd8 29. Rh3 Nxh4 30. Kb1 Ng2 31. Rd3 Rxd3 32. cxd3 Bxg5 33. c5 Ne3 34. c6 Bd8 35. Bh3 Bc7 36. Bd4 g5 37. Bxe3 f6 38. d4 h5 39. d5 g4 40. Bg2 h4 41. Bc5 h3 42. d6 hxg2 43. dxc7 Kg7 44. Bg1 g3 45. c8=Q Kg6 46. Qd7 f5 47. c7 f4 48. Qf5+ Kg7 49. Qxf4 Kg6 50. Qxg3+ Kf6 51. Qxg2 b3 52. Qb2+ Ke6 53. Qxb3+ Kd7 54. Qb8 Kc6 55. c8=Q# 1-0

[Event "December 12 Late 2023"]
[Site "https://www.chess.com"]
[Date "2023.12.12"]
[Round "10"]
[White "Dubessay, Bastien"]
[Black "Khater, Sherif"]
[Result "1-0"]
[Board "50"]
[TimeControl "180+1"]
[WhiteFideId "650048"]
[BlackFideId "2034280"]
[WhiteElo "2451"]
[BlackElo "2565"]
[WhiteTeam "FRA"]
[BlackTeam "USA"]
[WhiteClock "0:00:17"]
[BlackClock "0:01:20"]

1. e4 a6 2. d4 c6 3. c4 d5 4. Nc3 dxe4 5. Nxe4 Nf6 6. Nxf6+ exf6 7. Nf3 Bb4+ 8. Bd2 Qe7+ 9. Be2 O-O 10. O-O Bxd2 11. Qxd2 Re8 12. Rfe1 Qd8 13. Rad1 Nd7 14. Bd3 Nf8 15. h3 Be6 16. Qc3 Qd7 17. d5 cxd5 18. cxd5 Bf5 19. Bxf5 Qxf5 20. d6 Qd7 21. Rxe8 Rxe8 22. Qb4 Rc8 23. Rd2 Ne6 24. g3 h6 25. Kg2 Rc5 26. h4 h5 27. Qe4 Rc8 28. Nh2 Rc6 29. Qd5 g6 30. Nf1 Kg7 31. Ne3 Rc5 32. Qd3 Qc6+ 33. f3 Qd7 34. b3 b5 35. Qe2 Re5 36. Qd3 Nc5 37. Qd4 Ne6 38. Qd3 a5 39. Nd1 b4 40. Nf2 Rc5 41. Ne4 Rc1 42. Rd1 Rc6 43. Qd2 Qc8 44. Qd5 Rc2+ 45. Rd2 Rxd2+ 46. Qxd2 Qd7 47. Qb2 Qd8 48. Kf2 Nf8 49. g4 hxg4 50. fxg4 Nd7 51. g5 Ne5 52. gxf6+ Kh7 53. Qxe5 Qc8 54. Ng5+ Kg8 55. d7 Qxd7 56. Qb8+ 1-0

[Event "December 12 Late 2023"]
[Site "https://www.chess.com"]
[Date "2023.12.12"]
[Round "10"]
[White "Szpar, Milosz"]
[Black "Rangel, Daniel"]
[Result "1-0"]
[Board "51"]
[TimeControl "180+1"]
[WhiteFideId "1184989"]
[BlackFideId "2124475"]
[WhiteElo "2849"]
[BlackElo "2496"]
[WhiteTeam "POL"]
[BlackTeam "BRA"]
[WhiteClock "0:00:12"]
[BlackClock "0:00:03"]

1. e4 c5 2. Nf3 g6 3. c3 Bg7 4. d4 cxd4 5. cxd4 d5 6. e5 Bg4 7. Bb5+ Nd7 8. Nbd2 e6 9. O-O Ne7 10. h3 Bxf3 11. Nxf3 O-O 12. Re1 a6 13. Bf1 b5 14. h4 Nb6 15. h5 Qd7 16. g3 Nf5 17. Kg2 Rac8 18. Bd3 Nc4 19. Rh1 Qa7 20. b3 Na5 21. g4 Nxd4 22. Be3 Nac6 23. Be2 Nxe2 24. Bxa7 Nc3 25. Qd2 Nxa7 26. Qd4 Rc7 27. Rh3 Ne4 28. Rah1 Nc6 29. Qb6 Rfc8 30. hxg6 hxg6 31. Rc1 b4 32. Nd4 Nc3 33. Rhxc3 bxc3 34. Rxc3 Bxe5 35. Rxc6 Bxd4 36. Rxc7 Bxb6 37. Rxc8+ Kg7 38. Rc6 Bd4 39. Rxa6 Bc3 40. Kf3 e5 41. Rd6 d4 42. Ke4 f5+ 43. gxf5 gxf5+ 44. Kxf5 Kf7 45. Kxe5 d3+ 46. Ke4 d2 47. Ke3 Bb4 48. Rxd2 Ba3 49. Rd5 Bc1+ 50. Ke4 1-0

[Event "December 12 Late 2023"]
[Site "https://www.chess.com"]
[Date "2023.12.12"]
[Round "10"]
[White "Tokhirjonova, Gulrukhbegim"]
[Black "Novikova, Galina"]
[Result "1-0"]
[Board "52"]
[TimeControl "180+1"]
[WhiteFideId "14203626"]
[BlackFideId "4157095"]
[WhiteElo "2626"]
[BlackElo "2489"]
[WhiteTeam "USA"]
[BlackTeam "RUS"]
[WhiteClock "0:01:20"]
[BlackClock "0:00:00"]

1. d4 Nf6 2. Bf4 g6 3. Nc3 Bg7 4. e4 d6 5. Qd2 c6 6. h3 b5 7. a3 a5 8. Bd3 Ba6 9. Nf3 Nbd7 10. O-O O-O 11. Rfe1 Nh5 12. Bh2 e5 13. Bf1 Qe7 14. Rad1 Rad8 15. Ne2 f5 16. exf5 gxf5 17. dxe5 dxe5 18. Ned4 Qf6 19. Nxe5 f4 20. Nexc6 Rde8 21. c3 f3 22. g4 Bb7 23. Nxa5 Bh6 24. Qd3 Ba8 25. Qxb5 1-0

[Event "December 12 Late 2023"]
[Site "https://www.chess.com"]
[Date "2023.12.12"]
[Round "10"]
[White "Asish Panda"]
[Black "Nilsson, Joakim"]
[Result "1-0"]
[Board "53"]
[TimeControl "180+1"]
[WhiteFideId "45012458"]
[BlackFideId "1723383"]
[WhiteElo "2539"]
[BlackElo "2435"]
[WhiteTeam "IND"]
[BlackTeam "SWE"]
[WhiteClock "0:00:31"]
[BlackClock "0:00:35"]

1. e4 c5 2. Nf3 e6 3. g3 Nc6 4. Bg2 d6 5. O-O g6 6. c3 Bg7 7. d4 Nge7 8. dxc5 dxc5 9. Be3 b6 10. h4 h6 11. Qc2 O-O 12. Nbd2 Qc7 13. a4 Ba6 14. Rfe1 Rad8 15. Rad1 Na5 16. Qc1 Nc4 17. Nxc4 Bxc4 18. Bxh6 Rxd1 19. Rxd1 Bb3 20. Re1 Bxa4 21. h5 Rd8 22. Bxg7 Kxg7 23. hxg6 Nxg6 24. Qg5 Qe7 25. Qg4 Rd1 26. e5 Qd8 27. Qxa4 Rxe1+ 28. Nxe1 Qd2 29. Nf3 Qc1+ 30. Bf1 Qxb2 31. c4 a5 32. Qb5 Qb4 33. Bd3 Qa3 34. Be4 Nxe5 35. Nxe5 Qa1+ 36. Bb1 Qxe5 37. Qxb6 a4 38. Kg2 a3 39. Qb3 Qa1 40. Qa2 Qc3 41. Qc2 Qd4 42. Ba2 f5 43. Qb3 Qb2 44. Qxb2+ axb2 45. f4 Kf6 46. Bb1 e5 47. fxe5+ Kxe5 48. Kf3 Kd4 49. Bxf5 Kxc4 50. g4 Kc3 51. g5 Kd2 52. g6 c4 53. g7 c3 54. g8=Q c2 55. Qd5+ Kc1 56. Bxc2 Kxc2 57. Qc4+ Kd1 58. Qd3+ Kc1 59. Qc3+ Kb1 60. Ke2 Ka2 61. Qa5+ Kb1 62. Kd3 Kc1 63. Qd2+ Kb1 64. Kc3 Ka2 65. Qxb2# 1-0

[Event "December 12 Late 2023"]
[Site "https://www.chess.com"]
[Date "2023.12.12"]
[Round "10"]
[White "Morris-Suzuki, Alan H"]
[Black "NovakRatko"]
[Result "1-0"]
[Board "54"]
[TimeControl "180+1"]
[WhiteFideId "30933218"]
[WhiteElo "2529"]
[BlackElo "2399"]
[WhiteTeam "USA"]
[WhiteClock "0:01:06"]
[BlackClock "0:01:10"]

1. e4 d5 2. exd5 c6 3. dxc6 Nxc6 4. Bb5 Qd5 5. Bxc6+ Qxc6 6. Nf3 b6 7. O-O Bb7 8. d4 e6 9. c4 Rd8 10. d5 exd5 11. Ne5 Qf6 12. Qa4+ Ke7 13. Re1 Kd6 14. Nc3 a6 15. Nxd5 Bxd5 16. cxd5 Kc7 17. Bg5 Qxg5 18. Qc6+ Kb8 19. Qxb6+ Ka8 20. Nc6 1-0

[Event "December 12 Late 2023"]
[Site "https://www.chess.com"]
[Date "2023.12.12"]
[Round "10"]
[White "Rees, Ioan"]
[Black "Rian, Kapriaga"]
[Result "1/2-1/2"]
[Board "55"]
[TimeControl "180+1"]
[WhiteFideId "1801236"]
[BlackFideId "7103263"]
[WhiteElo "2528"]
[BlackElo "2389"]
[WhiteTeam "WLS"]
[BlackTeam "INA"]
[WhiteClock "0:00:48"]
[BlackClock "0:00:05"]

1. e4 c6 2. Nc3 d5 3. Nf3 Bg4 4. h3 Bxf3 5. Qxf3 Nf6 6. e5 Nfd7 7. Qg3 e6 8. d3 g6 9. Be2 Bg7 10. h4 Bxe5 11. Bf4 Bg7 12. h5 Qb6 13. O-O-O a5 14. Bd6 Na6 15. hxg6 hxg6 16. Rxh8+ Bxh8 17. Rh1 O-O-O 18. Na4 Qd4 19. Nc3 Be5 20. Bxe5 Qxe5 21. Qf3 f5 22. g4 Rh8 23. Rg1 f4 24. a3 g5 25. Bd1 Qf6 26. Rh1 e5 27. Rh5 Rxh5 28. gxh5 Kc7 29. Qh3 Qh6 30. Bg4 Nf6 31. f3 Nc5 32. Qh1 Nxg4 33. fxg4 Kd6 34. b4 axb4 35. axb4 Ne6 36. b5 Nd4 37. bxc6 bxc6 38. Kd2 f3 39. Qa1 Qf6 40. Qa8 Qf4+ 41. Kd1 f2 42. Qd8+ Ke6 43. Qe8+ Kd6 44. Qb8+ Kd7 45. Qb7+ Ke8 46. Qc8+ Kf7 47. Qd7+ Kg8 48. Qe8+ Kg7 49. Qe7+ Kg8 50. Qe8+ Kg7 51. Qe7+ Kg8 52. Qe8+ 1/2-1/2

[Event "December 12 Late 2023"]
[Site "https://www.chess.com"]
[Date "2023.12.12"]
[Round "10"]
[White "Melikhov, Evgeny V."]
[Black "Ismayil, Malak"]
[Result "0-1"]
[Board "56"]
[TimeControl "180+1"]
[WhiteFideId "4122046"]
[BlackFideId "13412604"]
[WhiteElo "2424"]
[BlackElo "2511"]
[WhiteTeam "GRE"]
[BlackTeam "AZE"]
[WhiteClock "0:00:12"]
[BlackClock "0:00:08"]

1. d4 Nf6 2. c4 e6 3. Nc3 d5 4. cxd5 exd5 5. Bg5 Bb4 6. e3 h6 7. Bh4 g5 8. Bg3 Ne4 9. Qc2 Bf5 10. Bd3 c5 11. f3 Nxg3 12. hxg3 Qe7 13. Kf2 Be6 14. Nge2 Nc6 15. dxc5 Bxc5 16. Nb5 Nb4 17. Qd2 Nc6 18. Rac1 Bb6 19. Nbd4 Ne5 20. Bb5+ Kf8 21. Nxe6+ Qxe6 22. Nd4 Qf6 23. Kg1 h5 24. Be2 h4 25. g4 Re8 26. Rh3 Nc6 27. Bb5 Rxe3 28. Rxc6 bxc6 29. Bxc6 Qxd4 30. Qxd4 Bxd4 31. Kh2 Re1 32. g3 hxg3+ 33. Kxg3 Be5+ 34. Kg2 Re2+ 35. Kf1 Rxh3 36. Kxe2 Rh2+ 37. Kd3 Rxb2 38. Bxd5 Ke7 39. Ke4 f6 40. Kf5 Kd6 41. Bg8 a5 42. Bf7 Rf2 43. Ke4 Kc5 44. Bg8 Kb4 45. Bf7 a4 46. Be6 Re2+ 47. Kd3 Rf2 48. Ke4 Bc3 49. Bd5 Re2+ 50. Kd3 Re5 51. Bg8 Re8 52. Bf7 Rd8+ 53. Ke4 Ka3 54. Kf5 Kb2 55. Ke4 a3 56. Kf5 Rd1 57. Ke4 Ra1 58. Kd3 Rxa2 59. Bxa2 Kxa2 60. Kxc3 Kb1 61. Kd4 a2 62. Ke4 a1=Q 63. Kf5 Qe5+ 64. Kg6 Qf4 65. Kh5 Qxf3 0-1

[Event "December 12 Late 2023"]
[Site "https://www.chess.com"]
[Date "2023.12.12"]
[Round "10"]
[White "Todev, Simeon"]
[Black "Herman, Matthew"]
[Result "0-1"]
[Board "57"]
[TimeControl "180+1"]
[WhiteFideId "2925133"]
[BlackFideId "2028964"]
[WhiteElo "2366"]
[BlackElo "2492"]
[WhiteTeam "BUL"]
[BlackTeam "USA"]
[WhiteClock "0:00:58"]
[BlackClock "0:00:16"]

1. e4 e5 2. Nf3 Nc6 3. d4 exd4 4. Bc4 Nf6 5. O-O d6 6. Nxd4 Be7 7. Nc3 O-O 8. f4 Nxd4 9. Qxd4 c6 10. Be3 Ng4 11. h3 Nxe3 12. Qxe3 Qa5 13. Kh1 Bf6 14. e5 dxe5 15. fxe5 Qxe5 16. Qxe5 Bxe5 17. Rae1 Bxc3 18. bxc3 Be6 19. Bxe6 fxe6 20. Rxf8+ Kxf8 21. Rxe6 Rd8 22. Re1 Rd5 23. Rb1 b6 24. Rb3 Ra5 25. a3 Ke7 26. Kg1 Kd6 27. Kf2 Kd5 28. Ke3 Kc4 29. g4 Re5+ 30. Kd2 c5 31. a4 Rd5+ 32. Ke3 Rd1 33. a5 b5 34. Ra3 a6 35. Kf3 Rc1 36. Kf4 Rxc2 37. Ra1 Rxc3 38. Re1 b4 39. Re6 b3 40. Re4+ Kb5 41. Re2 Rc2 42. Re3 b2 43. Rb3+ Ka4 44. Rb7 c4 45. Ke3 c3 46. Kd3 Rc1 0-1